 Dungeon Crawl Stone Soup version 0.28-a0-819-g6ef7baa362 (webtiles) character file.

Game seed: 16755527303998888990

24339 meatgazer the Schismatic (level 12, -4/100 HPs)
             Began as a Demonspawn Abyssal Knight on Nov 8, 2021.
             Was an Elder of Lugonu.
             Slain by a death yak (26 damage)
             ... on level 3 of the Lair of Beasts.
             The game lasted 00:29:24 (19373 turns).

meatgazer the Schismatic (DsAK)                    Turns: 19373, Time: 00:29:25

Health: -4/100     AC: 17    Str: 21    XL:     12   Next: 79%
Magic:  0/23       EV: 12    Int: 12    God:    Lugonu [****..]
Gold:   1501       SH:  4    Dex: 31    Spells: 24/26 levels left

rFire   . . .      SeeInvis .   a - +2 falchion (chaos)
rCold   . . .      Faith    .   (no shield)
rNeg    . . .      Spirit   +   e - +0 scale mail of Nefyvir {rPois Dex+4}
rPois   +          Reflect  .   H - +2 hat {Will+}
rElec   .          Harm     .   p - scarf {repulsion}
rCorr   .          Rampage  .   r - +2 pair of gloves
Will    ++...                   G - +4 pair of boots "Ysijying" {Will+ Dex+3}
Stlth   +.........              i - amulet "Dogots" {Spirit Int-3 Dex+4 Slay+2}
HPRegen 0.26/turn               y - +6 ring of strength
MPRegen 0.18/turn               k - +6 ring of dexterity

@: about to teleport, very slightly contaminated, repel missiles
A: horns 1, repulsion field 1, demonic guardian 2, demonic magic 3, large bone
plates 1
a: Renounce Religion, Depart the Abyss, Bend Space, Banish, Corrupt


You were on level 3 of the Lair of Beasts.
You worshipped Lugonu.
Lugonu was greatly pleased with you.
You visited 2 branches of the dungeon, and saw 13 of its levels.
You visited the Abyss 1 time.
You also visited: Gauntlet.

You collected 2004 gold pieces.
You spent 503 gold pieces at shops.

Inventory:

Hand Weapons
 a - a +2 falchion of chaos (weapon)
Missiles
 q - a throwing net
Armour
 e - the +0 scale mail of Nefyvir (worn) {rPois Dex+4}
   (You found it on level 4 of the Abyss)

   Dex:       It affects your dexterity (+4).
   rPois:     It protects you from poison.
 m - the +1 chain mail "Domonump" {+Blink rElec rN+}
   (You bought it in a shop on level 1 of the Dungeon)

   rElec:     It insulates you from electricity.
   rN:        It protects you from negative energy.
   +Blink:    It lets you blink.
 n - a +0 cloak
 p - a scarf of repulsion (worn)
 r - a +2 pair of gloves (worn)
 z - the +1 chain mail of Arphucin {rC+ SInv}
   (You found it on level 9 of the Dungeon)

   rC:        It protects you from cold.
   SInv:      It lets you see invisible.
 G - the +4 pair of boots "Ysijying" (worn) {Will+ Dex+3}
   (You found it in a Gauntlet)

   Dex:       It affects your dexterity (+3).
   Will:      It increases your willpower.
 H - a +2 hat of willpower (worn)
 K - the -2 buckler "Jaus" {*Corrode rPois Str+4 Slay+5}
   (You found it in a Gauntlet)

   Str:       It affects your strength (+4).
   Slay:      It affects your accuracy & damage with ranged weapons and melee
   (+5).
   rPois:     It protects you from poison.
   *Corrode:  It may corrode you when you take damage.
Magical Staves
 E - a staff of fire
Jewellery
 i - the amulet "Dogots" (around neck) {Spirit Int-3 Dex+4 Slay+2}
   (You acquired it on level 1 of the Dungeon)

   [amulet of guardian spirit]

   It causes incoming damage to be divided between your reserves of health and
   magic.
   Int:       It affects your intelligence (-3).
   Dex:       It affects your dexterity (+4).
   Slay:      It affects your accuracy & damage with ranged weapons and melee
   (+2).
 k - a +6 ring of dexterity (right hand)
 o - a ring of magical power
 t - a ring of protection from cold
 y - a +6 ring of strength (left hand)
 A - an amulet of regeneration
 D - a ring of willpower
 I - a +4 ring of evasion
 J - the amulet "Zayfin" {Acrobat rElec rPois Int+4}
   (You found it in a Gauntlet)

   [amulet of the acrobat]

   It increases your evasion while moving and waiting.
   Int:       It affects your intelligence (+4).
   rElec:     It insulates you from electricity.
   rPois:     It protects you from poison.
 M - a ring of protection from fire
Wands
 d - a wand of polymorph (11)
 f - a wand of mindburst (7)
 l - a wand of flame (2)
 w - a wand of charming (10)
Scrolls
 g - 2 scrolls of magic mapping
 s - 3 scrolls of amnesia
 x - 5 scrolls of identify
 B - 4 scrolls of teleportation
Potions
 b - 6 potions of curing
 h - 2 potions of attraction
 j - a potion of brilliance
 u - 2 potions of cancellation
 v - 3 potions of resistance
 C - a potion of ambrosia {unknown}
Miscellaneous
 c - a phantom mirror (inert)
 L - a box of beasts (inert)


   Skills:
 + Level 11.0 Fighting
 + Level 10.0 Long Blades
 - Level 5.4 Armour
 - Level 0.8 Dodging
 * Level 3.4 Shields
 - Level 7.8 Spellcasting
 - Level 3.1 Fire Magic
 + Level 14.6 Invocations


You had 24 spell levels left.
You knew the following spells:

 Your Spells              Type           Power      Damage    Failure   Level
a - Scorch                Fire           24%        2d6       16%         2

Your spell library contained the following spells:

 Spells                   Type           Power      Damage    Failure   Level
 Magic Dart               Conj           16%        1d3       36%         1
 Shock                    Conj/Air       16%        1d4       36%         1
 Searing Ray              Conj           8%         2d4       50%         2
 Ignite Poison            Fire/Tmut/Pois 7%         N/A       58%         3
 Mephitic Cloud           Conj/Pois/Air  4%         N/A       75%         3
 Swiftness                Air            4%         N/A       75%         3
 Flame Wave               Conj/Fire      8%         3d4       89%         4
 Airstrike                Air            2%         N/A       98%         4
 Fulminant Prism          Conj/Hex       2%         3d6       98%         4
 Alistair's Intoxication  Tmut/Pois      2%         N/A       100%        5
 Borgnjor's Vile Clutch   Necr/Erth      2%         N/A       100%        5
 Freezing Cloud           Conj/Ice/Air   2%         6-21      100%        5
 Silence                  Hex/Air        2%         N/A       100%        5
 Conjure Ball Lightning   Conj/Air       2%         3x3d6     100%        6
 Eringya's Noxious Bog    Tmut/Pois      2%         N/A       100%        6
 Simulacrum               Ice/Necr       2%         N/A       100%        6
 Summon Cactus Giant      Summ           2%         N/A       100%        6
 Polar Vortex             Ice            2%         N/A       100%        9


Dungeon Overview and Level Annotations

Branches:
Dungeon (10/15)            Temple (0/1) D:6            Lair (3/6) D:10
  Snake (0/4) Lair:2          Orc (0/2) D:10        Gauntlet (visited)
  Swamp: Lair:2-4    Shoals: Lair:2-4

Altars:
Ashenzari
Elyvilon
Gozag
Hepliaklqana
Kikubaaqudgha
Makhleb
Okawaru
Qazlal
Sif Muna
Trog
Zin
The Shining One

Shops:
D:1 [   D:6 *

Annotations:
D:8 1 runed translucent door, Demosthentine's ghost, novice TrMo
D:9 3 runed translucent doors, frimble's ghost, novice DsFE
Abyss:1 Harold; Joseph


Innate Abilities, Weirdness & Mutations

You have a pair of small horns on your head.
You are surrounded by a mild repulsion field. (EV +2)
A demonic guardian rushes to your aid.
Spells you cast and wands you use may paralyse nearby enemies.
You are partially covered in large bone plates. (SH +4)


Message History

The bolt of acid hits the yak!
The yak seems to be corroded for longer.
The yak is heavily wounded.
The bolt of acid hits the death yak!
The death yak is lightly wounded.
Malevolent energies surge around you.
The now-empty wand crumbles to dust.
The death yak completely misses you.
Casting: Scorch (safe; 16% risk of failure)
Confirm with . or Enter, or press ? or * to list all spells.
You miscast Scorch.
You are very lightly contaminated with residual magic.
Nothing appears to happen.
The death yak gores you.
Casting: Scorch (safe; 16% risk of failure)
Confirm with . or Enter, or press ? or * to list all spells.
You miscast Scorch.
Nothing appears to happen.
The death yak barely misses you.
Casting: Scorch (safe; 16% risk of failure)
Confirm with . or Enter, or press ? or * to list all spells.
Flames lash the death yak.
The death yak is moderately wounded.
The death yak's fire resistance burns away.
Malevolent energies surge around you.
The yak is no longer paralysed.
The death yak gores you but does no damage.
You hit the death yak.
The death yak seems to grow stronger.
You headbutt the death yak!
The death yak is moderately wounded.
The yak is no longer covered in acid.
The death yak gores you!!
You hit the death yak.
The death yak goes berserk!
You headbutt the death yak!
The death yak is heavily wounded.
The death yak is no longer covered in acid.
The death yak gores you!
You barely miss the death yak.
The death yak is heavily wounded.
The death yak is no longer more vulnerable to fire.
The death yak gores you!!
Okay, then.
As you read the scroll of teleportation, it crumbles to dust.
You feel strangely unstable. The death yak gores you!
* * * LOW HITPOINT WARNING * * *
The death yak gores you!!
You die...

..P.......,* *...# ...##.....**
*#..# .....##...,* *#..#
.##.##*#..** *P..#### ...#.# ****
*##.##.#### .....#*
######........# ......#*
###.##.##........
.......##########..........PP....
............YYYY@......#...#.....
............Y#Y#########..#......
............#### #..##.....
..........### #..#......
..........,* ##.#......
..........,* #........
...,.....,,* *#........
..,,.....,** #.........
.,,,....,** ##........


You could see 4 death yaks and 2 yaks.

Vanquished Creatures
  Gastronok (Lair:2)
  A minotaur (Gauntlet)
  A two-headed ogre (D:9)
  3 death yaks
  A tengu warrior (Gauntlet)
  2 black mambas (Lair:2)
  An unseen horror (D:10)
  2 cane toads
  A rime drake (Lair:1)
  4 komodo dragons
  Maggie (Lair:2)
  2 tengu conjurers (Gauntlet)
  2 trolls (D:10)
  A hornet (D:8)
  8 blink frogs
  A raiju (Gauntlet)
  A shadow (D:10)
  27 yaks
  2 wyverns
  A steam dragon (D:8)
  Menkaure (D:5)
  A warg (D:10)
  9 water moccasins
  An acid dragon (D:7)
  7 orc warriors
  A sky beast (D:8)
  3 wolves (Lair:3)
  4 centaurs
  A gnoll sergeant (D:3)
  2 kobold brigands (D:8)
  A scorpion (D:5)
  8 bullfrogs
  A wyvern zombie (D:6)
  4 electric eels
  4 wights (D:10)
  A bullfrog zombie (D:5)
  3 centaur zombies
  A jelly (D:7)
  7 orc priests
  4 hounds
  An iguana (D:7)
  Natasha (twice) (D:4)
  5 orc wizards
  A hell rat (D:10)
  A killer bee zombie (D:7)
  A hound skeleton (D:4)
  10 gnolls
  A howler monkey zombie (D:9)
  3 adders
  A shadow imp (D:6)
  An adder zombie (D:5)
  4 worms
  3 dart slugs
  33 orcs
  10 ball pythons
  8 endoplasms
  3 giant cockroaches
  7 goblins
  10 hobgoblins
  14 jackals
  7 quokkas
  A bat (D:2)
  2 frilled lizards (D:1)
  12 kobolds
  8 rats
276 creatures vanquished.

Vanquished Creatures (collateral kills)
  Erolcha (D:10)
  A centaur zombie (D:10)
  A cane toad (Lair:2)
  A wyvern (Lair:2)
  6 yaks
  A sky beast (D:6)
  An ogre (D:5)
  A bullfrog (Lair:3)
  An orc wizard (D:10)
  An orc (D:6)
  A hobgoblin (D:4)
16 creatures vanquished.

Vanquished Creatures (others)
  31 fungi
  44 plants
75 creatures vanquished.

Grand Total: 367 creatures vanquished

Notes
Turn   | Place    | Note
-------+----------+-------------------------------------------
     0 | Abyss:1  | meatgazer the Demonspawn Abyssal Knight began the quest for
                  | the Orb.
     0 | Abyss:1  | Reached XP level 1. HP: 18/18 MP: 2/2
     1 | Abyss:1  | Found a corrupted altar of Lugonu.
    60 | Abyss:1  | Found a corrupted altar of Lugonu.
    63 | Abyss:1  | Found a corrupted altar of Lugonu.
   156 | Abyss:3  | Found a corrupted altar of Lugonu.
   216 | Abyss:3  | Noticed a shadow
   240 | Abyss:4  | Identified the +0 scale mail of Nefyvir {rPois Dex+4}
   257 | Abyss:4  | Noticed a small abomination
   272 | Abyss:4  | Noticed a starcursed mass
   276 | Abyss:4  | Noticed a ynoxinul
   277 | D:1      | Escaped the Abyss
   413 | D:1      | Gained mutation: You have a pair of small horns on your
                  | head. [demonic ancestry]
   413 | D:1      | Reached XP level 2. HP: 24/24 MP: 4/4
   477 | D:1      | Found Bauf's Antique Armour Shop.
   660 | D:1      | Reached * piety under Lugonu
   703 | D:1      | Reached skill level 3 in Invocations
   857 | D:1      | Identified 3 scrolls of acquirement
   857 | D:1      | Acquired the amulet "Dogots" {Spirit Int-3 Dex+4 Slay+2}
   860 | D:1      | Acquired 750 gold pieces
   862 | D:1      | Acquired 487 gold pieces
   943 | D:1      | Gained mutation: Spells you cast may paralyse adjacent
                  | enemies. [demonic ancestry]
   943 | D:1      | Reached XP level 3. HP: 25/29 MP: 3/5
  1253 | D:1      | Bought a fine chain mail for 209 gold pieces
  1253 | D:1      | Identified the +1 chain mail "Domonump" {+Blink rElec rN+}
                  | (You bought it in a shop on level 1 of the Dungeon)
  1253 | D:1      | Bought a cloak for 99 gold pieces
  1661 | D:2      | Found a faded altar of an unknown god.
  1740 | D:2      | Gained mutation: You are partially covered in large bone
                  | plates. (SH +4) [potion of mutation]
  1740 | D:2      | Gained mutation: You sometimes lose the ability to read
                  | scrolls when taking damage. [potion of mutation]
  1740 | D:2      | Gained mutation: You are frail. (-10% HP) [potion of
                  | mutation]
  1805 | D:3      | Reached ** piety under Lugonu
  1809 | D:3      | Gained mutation: A weak demonic guardian rushes to your
                  | aid. [demonic ancestry]
  1809 | D:3      | Reached XP level 4. HP: 27/31 MP: 6/6
  2249 | D:3      | Reached skill level 4 in Invocations
  2563 | D:3      | Found an opulent altar of Gozag.
  2758 | D:3      | Noticed a bullfrog
  3008 | D:3      | Reached XP level 5. HP: 27/37 MP: 5/8
  3392 | D:4      | Found a hazy altar of Hepliaklqana.
  3498 | D:4      | Noticed Natasha
  3519 | D:4      | Reached *** piety under Lugonu
  3521 | D:4      | Killed Natasha
  3522 | D:4      | Reached skill level 5 in Invocations
  3651 | D:4      | Noticed Natasha
  3657 | D:4      | Killed Natasha
  3777 | D:4      | Found a burning altar of Makhleb.
  3812 | D:3      | Gained mutation: You are surrounded by a mild repulsion
                  | field. (EV +2) [demonic ancestry]
  3812 | D:3      | Reached XP level 6. HP: 5/43 MP: 1/10
  4576 | D:4      | Found a broken altar of Ashenzari.
  4761 | D:5      | Entered Level 5 of the Dungeon
  4768 | D:5      | Reached skill level 6 in Invocations
  4800 | D:5      | Noticed Menkaure
  4806 | D:5      | Killed Menkaure
  4807 | D:5      | Reached XP level 7. HP: 49/49 MP: 12/12
  5086 | D:5      | Reached skill level 7 in Invocations
  5504 | D:5      | Found a shimmering blue altar of Sif Muna.
  5993 | D:6      | Reached skill level 5 in Fighting
  6141 | D:6      | Gained mutation: Spells you cast may paralyse nearby
                  | enemies. [demonic ancestry]
  6141 | D:6      | Reached XP level 8. HP: 43/55 MP: 13/13
  6338 | D:6      | Found Ituniz's Assorted Antiques.
  6346 | D:6      | Bought a pair of runed gloves for 195 gold pieces
  6352 | D:6      | Found a staircase to the Ecumenical Temple.
  6495 | D:6      | Found a stormy altar of Qazlal.
  6595 | D:6      | Lost mutation: You sometimes lose the ability to read
                  | scrolls when taking damage. [potion of mutation]
  6595 | D:6      | Lost mutation: You are frail. (-10% HP) [potion of
                  | mutation]
  6834 | D:7      | Reached skill level 8 in Invocations
  7994 | D:8      | Reached skill level 5 in Long Blades
  7994 | D:8      | Reached skill level 5 in Armour
  7995 | D:8      | Reached **** piety under Lugonu
  8231 | D:8      | Noticed a hornet
  8240 | D:8      | Killed a hornet
  8241 | D:8      | Reached skill level 9 in Invocations
  8395 | D:8      | Gained mutation: Spells you cast and wands you use may
                  | paralyse nearby enemies. [demonic ancestry]
  8395 | D:8      | Reached XP level 9. HP: 49/70 MP: 11/15
  8575 | D:8      | Reached skill level 1 in Spellcasting
  8691 | D:8      | Noticed Joseph
  8693 | D:8      | Banished Joseph
  8733 | D:8      | Reached skill level 10 in Invocations
  9083 | D:8      | Noticed Demosthentine's ghost (novice TrMo)
  9087 | D:8      | Found a runed translucent door.
  9251 | D:9      | Identified the +1 chain mail of Arphucin {rC+ SInv}
  9367 | D:9      | Reached XP level 10. HP: 45/79 MP: 11/18
  9710 | D:9      | Found an ancient bone altar of Kikubaaqudgha.
  9861 | D:9      | Noticed Harold
  9862 | D:9      | Banished Harold
  9863 | D:9      | Reached skill level 11 in Invocations
  9951 | D:9      | Noticed a two-headed ogre
  9961 | D:9      | Killed a two-headed ogre
 10570 | D:9      | Found a runed translucent gate.
 10570 | D:9      | Found a runed translucent gate.
 10570 | D:9      | Found a runed translucent gate.
 10571 | D:9      | Noticed frimble's ghost (novice DsFE)
 10572 | D:9      | Noticed a ten-headed hydra
 10681 | D:9      | Found an iron altar of Okawaru.
 10681 | D:9      | Found a bloodstained altar of Trog.
 10831 | D:10     | Entered Level 10 of the Dungeon
 10840 | D:10     | Noticed a death yak
 10843 | D:10     | Noticed a death yak
 10844 | D:10     | Banished a death yak
 10860 | D:10     | Noticed a death yak
 10872 | D:10     | Killed a death yak
 10873 | D:10     | Reached skill level 5 in Spellcasting
 10879 | D:10     | Reached skill level 12 in Invocations
 10884 | D:10     | Killed a death yak
 10885 | D:10     | Gained mutation: A demonic guardian rushes to your aid.
                  | [demonic ancestry]
 10885 | D:10     | Reached XP level 11. HP: 60/87 MP: 6/20
 11077 | D:10     | Found a staircase to the Lair.
 12235 | D:10     | Found a staircase to the Orcish Mines.
 12567 | D:10     | Identified the +2 dagger "Toqikk" {flame, rElec Str+8 Int-3
                  | Dex-3}
 12651 | D:10     | Noticed Erolcha
 12665 | D:10     | Killed Erolcha
 12840 | Lair:1   | Entered Level 1 of the Lair of Beasts
 13250 | Lair:1   | Reached skill level 13 in Invocations
 14341 | Lair:1   | Reached skill level 10 in Fighting
 14345 | Lair:1   | Reached ***** piety under Lugonu
 14516 | Lair:1   | Learned a level 2 spell: Scorch
 15220 | Lair:2   | Noticed Maggie
 15230 | Lair:2   | Killed Maggie
 15231 | Lair:2   | Reached skill level 1 in Fire Magic
 15238 | Lair:2   | Reached XP level 12. HP: 62/97 MP: 13/22
 15469 | Lair:2   | Noticed Gastronok
 15488 | Lair:2   | Killed Gastronok
 15806 | Lair:2   | Noticed a four-headed hydra
 15810 | Lair:2   | Banished a four-headed hydra
 16042 | Lair:2   | Found a staircase to the Snake Pit.
 17271 | Lair:3   | Found a gate leading to a gauntlet.
 17279 | Gauntlet | Entered a Gauntlet
 17279 | Gauntlet | Found a transporter.
 17287 | Gauntlet | Noticed a tengu warrior
 17322 | Gauntlet | Found a transporter.
 17324 | Gauntlet | Found a transporter.
 17333 | Gauntlet | Found a runed translucent door.
 17335 | Gauntlet | Found a transporter.
 17337 | Gauntlet | Found a transporter.
 17348 | Gauntlet | Found a transporter.
 17363 | Gauntlet | Found a transporter.
 17374 | Gauntlet | Found a transporter.
 17381 | Gauntlet | Noticed a death yak
 17382 | Gauntlet | Noticed a death yak
 17384 | Gauntlet | Noticed a death yak
 17385 | Gauntlet | Found a transporter.
 17400 | Gauntlet | Found a transporter.
 17410 | Gauntlet | Found a transporter.
 17410 | Gauntlet | Found a transporter.
 17464 | Gauntlet | Found a transporter.
 17465 | Gauntlet | Found a transporter.
 17579 | Gauntlet | Killed a tengu warrior
 17580 | Gauntlet | Reached skill level 14 in Invocations
 17820 | Gauntlet | Got the Disquisition on Weightlessness
 17832 | Gauntlet | Identified the +4 pair of boots "Ysijying" {Will+ Dex+3}
 17869 | Gauntlet | Noticed a minotaur
 17879 | Gauntlet | Killed a minotaur
 17885 | Gauntlet | Identified the -2 buckler "Jaus" {*Corrode rPois Str+4
                  | Slay+5}
 17885 | Gauntlet | Identified the amulet "Zayfin" {Acrobat rElec rPois Int+4}
 18106 | Lair:3   | Reached skill level 1 in Shields
 18407 | Lair:3   | Noticed a death yak
 18407 | Lair:3   | Noticed a death yak
 18407 | Lair:3   | Noticed a death yak
 18407 | Lair:3   | Noticed a death yak
 18408 | Lair:3   | Noticed a death yak
 19363 | Lair:3   | Killed a death yak
 19364 | Lair:3   | Reached skill level 10 in Long Blades
 19373 | Lair:3   | Slain by a death yak

Illustrated notes

Levels and vault maps discovered:
D:1:      minmay_arrival_arboretum_small, layout_loops_corners, serial_shops,
          shop
D:2:      layout_rooms, dreamdust_ecumenical_altar_grove
D:3:      layout_basic, mainiacjoe_overflow_catch_the_wave,
          lightli_corner_chamber
D:4:      layout_gridville, ashenzari_conservatory_becter, bloody_makhleb,
          nicolae_overflow_hidden_temple, minmay_misc_feat_enclosed,
          uniq_natasha
D:5:      layout_basic, mainiacjoe_overflow_chevrons, serial_bayou_crossing,
          uniq_menkaure
D:6:      layout_cave_pools, elyvilon_altar_1, nicolae_qazlal_general_emergency,
          minmay_temple_entry_glassed_door, serial_shops, shop
D:7:      layout_rooms
D:8:      layout_basic, hellmonk_ghost_happy_afterlife,
          hangedman_decor_clover_reticule, uniq_joseph
D:9:      layout_basic, mainiacjoe_overflow_boulevard,
          grunt_temple_overflow_bloody_war, kiku_gazebo_garden_becter,
          gammafunk_ghost_hydra_chop, uniq_harold
D:10:     layout_roguey, dpeg_lair_monsters, david_orc_1_choice, uniq_erolcha
Lair:1:   layout_regular_city, lemuel_fruit_tree, grunt_megastairs_1,
          infiniplex_staircase_pool, serial_bayou_shore_b, lemuel_fruit_fields
Lair:2:   layout_loops_ring, minmay_snake_entry_six_corridors,
          nicolae_lair_grove_arrangements, ldierk_geyser, serial_bayou_pond_b,
          uniq_gastronok, uniq_maggie
Lair:3:   layout_cave_pods, gauntlet_entry_generic

Skill      XL: |  1  2  3  4  5  6  7  8  9 10 11 12 |
---------------+-------------------------------------+-----
Long Blades    | 2 3 4 5 6 7 9 10 | 10.0
Armour         | 2 3 4 5 |  5.4
Invocations    | 3 4 5 6 7 9 10 12 13 14 | 14.6
Fighting       | 4 5 6 7 8 10 11 | 11.0
Spellcasting   | 3 5 7 |  7.8
Fire Magic     | 1 3 |  3.1
Shields        | 3 |  3.4
Dodging        | |  0.8

Action                   |  1- 3 |  4- 6 |  7- 9 | 10-12 || total
-------------------------+-------+-------+-------+-------++-------
Melee: Falchion          |   112 |   116 |   269 |   478 ||   975
       Headbutt          |    21 |    17 |   101 |   193 ||   332
 Cast: Scorch            |       |       |       |     5 ||     5
Invok: Depart the Abyss  |     1 |       |       |       ||     1
       Banish            |       |       |     1 |     7 ||     8
Evoke: Wand              |       |    10 |     7 |    31 ||    48
       Phantom mirror    |       |     1 |       |     2 ||     3
       Box of beasts     |       |       |       |     1 ||     1
  Use: Scroll            |     7 |     3 |     6 |    11 ||    27
       Potion            |     2 |     4 |     1 |     3 ||    10
 Stab: Distracted        |       |       |     1 |       ||     1
       Paralysed         |       |       |     7 |    17 ||    24
       Petrifying        |       |       |       |     3 ||     3
Armor: Scale mail        |    47 |    68 |    79 |   190 ||   384
       Chain mail        |       |       |       |     3 ||     3
Dodge: Dodged            |    66 |    76 |   117 |   211 ||   470
       Repelled          |       |       |       |     4 ||     4
Block: Other             |     8 |    28 |    29 |    61 ||   126

Table legend: (Time is in decaauts)
 A = Elapsed time spent in this place.
 B = Non-inter-level travel time spent in this place.
 C = Inter-level travel time spent in this place.
 D = Time resting spent in this place.
 E = Time spent auto-exploring this place.
 F = Levels seen in this place.
 G = Mean time per level.
                   A        B        C        D        E       F      G
               +--------+--------+--------+--------+--------+-----+--------+
         Total |  19381 |  19047 |    334 |   6246 |  10419 |  18 | 1076.7 |
       Dungeon |  12613 |  12329 |    284 |   3797 |   6920 |  10 | 1261.3 |
          Lair |   5680 |   5631 |     49 |   2014 |   3059 |   3 | 1893.3 |
         Abyss |    276 |    276 |      0 |      0 |    208 |   4 |   69.0 |
      Gauntlet |    811 |    811 |      0 |    435 |    231 |   1 |  811.0 |
               +--------+--------+--------+--------+--------+-----+--------+

Top non-repeatable levels by time:
  Lair:2: 2482 daAuts
     D:9: 2082 daAuts
     D:3: 1997 daAuts
  Lair:1: 1909 daAuts
    D:10: 1510 daAuts
     D:8: 1444 daAuts
  Lair:3: 1289 daAuts
     D:6: 1190 daAuts
     D:4: 1043 daAuts
     D:5: 1043 daAuts
     D:1: 1026 daAuts
     D:7: 811 daAuts
Gauntlet: 811 daAuts
     D:2: 463 daAuts
 Abyss:1: 96 daAuts
